[Event "Live Chess"]
[Site "Chess.com"]
[Date "2024.06.02"]
[Round "-"]
[White "Dhaydon19"]
[Black "AlexanderMatlak"]
[Result "1-0"]
[WhiteElo "2678"]
[BlackElo "2393"]
[TimeControl "300"]
[EndTime "16:17:03 PDT"]
[Termination "Dhaydon19 won on time"]

1. Nf3 Nf6 2. e3 g6 3. b3 Bg7 4.
Bb2 O-O 5. Be2 c5 6. O-O b6 7. c4 Bb7 8. Nc3 e6 9. Qc2 d6 10. d4 a6 11. dxc5 dxc5 12. Rad1 Qc7 13. h3 Nc6 14. a3 Rfd8 15. Rxd8+ Rxd8 16. Rd1 h6 17. Rxd8+ Qxd8 18. Na4 Qc7 19. Bc3 Ne8 20. Bxg7 Nxg7 21. Qc3 Nf5 22. b4 cxb4 23. axb4 Nd6 24. c5 bxc5 25. Nxc5 a5 26. bxa5 Qxa5 27. Qc1 Ne7 28. Ne5 Qc7 29. Qa3 Bd5 30. Ned7 Ne8 31. Qc3 Bc6 32.
Ne5 Bd5 33. Ng4 Kh7 34. e4 Ba8 35. Qe3 g5 36. h4 Qf4 37. Qd4 Bc6 38. hxg5 hxg5 39.
g3 Qd6 40. Nf6+ Kg6 41. Bh5+ Kh6 42. Qxd6 Nxd6 43. Be2 Kg7 44. e5 Ndf5 45. Bd3 Nd5 46. Nh5+ Kh6 47. Bxf5 Kxh5 48. Be4 1-0

[Event "Live Chess"]
[Site "Chess.com"]
[Date "2024.06.02"]
[Round "-"]
[White "katoma"]
[Black "CarmelJane"]
[Result "0-1"]
[WhiteElo "2021"]
[BlackElo "2068"]
[TimeControl "300"]
[EndTime "16:17:22 PDT"]
[Termination "CarmelJane won on time"]

1. e4 c5 2. Nf3 e6 3. d4 cxd4 4. Nxd4 Nf6 5. Bd3 Nc6 6. Nxc6 bxc6 7. O-O d5 8. Nd2 Be7 9. Qe2 a5 10. b3 O-O 11. Bb2 Re8 12. f4 Qb6+ 13. Kh1 Ba6 14. c4 Rad8 15. e5 Nd7 16. Rf3 c5 17. cxd5 Bxd3 18.
Rxd3 exd5 19. Rxd5 Qg6 20. Nc4 Nb6 21. Rxd8 Rxd8 22. Nxa5 c4 23. bxc4 Bb4 24. Nb3 Na4 25.
Bd4 Nc3 26. Qf2 Ne4 27. Qe3 Bc3 28. Bxc3 Nxc3 29. Qxc3 Qg4 30. Qf3 Qf5 31. c5 h5 32.
h3 Rd3 33. Qf2 Kh7 34. c6 g6 35. c7 Rc3 36. Rc1 Rxc1+ 37. Nxc1 Qc8 38. Qc5 h4 39. Qc4 Kg7 40. Nb3 Qe6 0-1

[Event "Live Chess"]
[Site "Chess.com"]
[Date "2024.06.02"]
[Round "-"]
[White "Crowded_House"]
[Black "jimwad"]
[Result "0-1"]
[WhiteElo "1727"]
[BlackElo "1333"]
[TimeControl "300"]
[EndTime "16:17:24 PDT"]
[Termination "jimwad won by checkmate"]

1. d4 d5 2. Bg5 Nf6 3. e3 Bf5 4.
Bd3 Bxd3 5. Qxd3 Nbd7 6. Nd2 c6 7. Ngf3 e6 8. O-O Be7 9. Rfe1 O-O 10. c3 Ne8 11. Bxe7 Qxe7 12. e4 dxe4 13. Rxe4 Nef6 14. Re2 Rad8 15. Qc2 Nb6 16. Rae1 h6 17. Ne4 Nxe4 18. Rxe4 Nd5 19. Ne5 Nf6 20. R4e2 c5 21. dxc5 Qxc5 22. Nf3 Rfe8 23. Rd2 Rxd2 24. Qxd2 Qd5 25. Qxd5 Nxd5 26. Nd4 a6 27. Nb3 Nf4 28. Rd1 Kf8 29. Nc5 Nd5 30. c4 Nb4 31. a3 Nc6 32. Rd7 b6 33. Nxa6 Na5 34. Rd4 Rc8 35. h3 Nxc4 36. b3 Nxa3 37. Rb4 b5 38. Kf1 Ke7 39. Ke2 Rc2+ 40. Ke3 Rb2 41.
Nc5 Nc2+ 42. Kd3 Nxb4+ 43. Kc3 Rxf2 44. Kxb4 Rxg2 45. Kxb5 Rg3 46. b4 Rxh3 47. Kc4 Kd6 48. Ne4+ Kc6 49. Nc3 Rxc3+ 50. Kxc3 g5 51. Kd4 h5 52. Ke3 f6 53. Kf3 Kb5 54. Kg3 Kxb4 55. Kf3 Kc4 56. Ke3 h4 57. Ke4 h3 58. Kf3 f5 59.
Kg3 g4 60. Kh2 Kd3 61. Kg1 g3 62. Kh1 f4 63. Kg1 f3 64. Kf1 h2 65. Ke1 h1=Q# 0-1

[Event "Live Chess"]
[Site "Chess.com"]
[Date "2024.06.02"]
[Round "-"]
[White "raclement"]
[Black "AndrewBak1"]
[Result "0-1"]
[WhiteElo "1724"]
[BlackElo "1874"]
[TimeControl "300"]
[EndTime "16:17:25 PDT"]
[Termination "AndrewBak1 won by resignation"]

1. Nf3 c5 2. g3 Nc6 3. Bg2 d5 4. c4 d4 5. O-O Nf6 6. d3 Bf5 7. b4 Nxb4 8. Qa4+ Bd7 9. Qb3 Rb8 10. Ne5 e6 11. Nxd7 Qxd7 12. a3 Nc6 13. e3 Be7 14. exd4 Nxd4 15. Qd1 O-O 16. Nc3 a6 17. Be3 b5 18.
Bxd4 Qxd4 19. Ne4 Nxe4 20. dxe4 Qxc4 21. a4 b4 22. Qd7 Bf6 23. Rac1 Qa2 24. Rxc5 b3 25.
e5 Bg5 26. f4 Bd8 27. Qd3 Bb6 28. Rc1 b2 0-1

[Event "Live Chess"]
[Site "Chess.com"]
[Date "2024.06.02"]
[Round "-"]
[White "NebodarMatevich"]
[Black "KwikPhoenix"]
[Result "0-1"]
[WhiteElo "1562"]
[BlackElo "2445"]
[TimeControl "300"]
[EndTime "16:17:45 PDT"]
[Termination "KwikPhoenix won by checkmate"]

1. e4 d5 2. exd5 Qxd5 3. Nf3 Qd8 4. d4 Nf6 5. c4 g6 6. Nc3 Bg7 7.
Be2 O-O 8. O-O Bg4 9. h3 Bf5 10. Qb3 Qc8 11. Be3 Rd8 12. Rad1 c6 13. Bg5 h6 14.
Bh4 Na6 15. a3 Nc7 16. Bd3 Bxd3 17. Rxd3 Ne6 18. Rfd1 Nf4 19. R3d2 g5 20. Bg3 N6h5 21. Bh2 g4 22. hxg4 Qxg4 23. Ne4 Qxg2# 0-1

[Event "Live Chess"]
[Site "Chess.com"]
[Date "2024.06.02"]
[Round "-"]
[White "stevochess11"]
[Black "DoctorMantisTobogganMD"]
[Result "0-1"]
[WhiteElo "1716"]
[BlackElo "2180"]
[TimeControl "300"]
[EndTime "16:17:53 PDT"]
[Termination "DoctorMantisTobogganMD won on time"]

1. d4 Nf6 2. Nf3 c6 3. e3 d5 4. c4 Bg4 5. cxd5 cxd5 6. Qb3 Bxf3 7. gxf3 Nbd7 8. Nc3 e6 9. Bd3 Bd6 10. e4 dxe4 11.
fxe4 Be7 12. Rg1 g6 13. Bh6 Qb6 14. Qxb6 Nxb6 15. Nb5 O-O-O 16. Nxa7+ Kb8 17. Nb5 e5 18. d5 Nfd7 19. Be3 Bc5 20. Bxc5 Nxc5 21. O-O-O Nxd3+ 22. Rxd3 Nc4 23. Rc3 Nd6 24. Nxd6 Rxd6 25. Kd2 f5 26. f3 fxe4 27. fxe4 Rf8 28. Ke2 Rdf6 29. Rg2 Rf4 30. Re3 Rf1 31. Rh3 Rb1 32. Kd3 Rf7 33. Rhg3 Rd1+ 34.
Kc2 Rd4 35. Re3 Rf4 36. Rd2 Rdxe4 37. Rxe4 Rxe4 38. d6 Kc8 39. d7+ Kd8 40. Rf2 Rf4 41.
Re2 Kxd7 42. Rxe5 Rf2+ 43. Kb3 Rxh2 44. Rd5+ Kc6 45. Re5 Rg2 46. Re6+ Kc5 47. Ka4 Rxb2 48. a3 b5+ 49. Ka5 Ra2 50. Re3 b4 51. a4 h5 52. Re5+ Kd4 53. Rg5 b3 54. Rxg6 b2 55. Rd6+ Kc5 56. Rd1 Ra1 0-1

[Event "Live Chess"]
[Site "Chess.com"]
[Date "2024.06.02"]
[Round "-"]
[White "StoreySniper"]
[Black "Outspanner"]
[Result "1-0"]
[WhiteElo "2529"]
[BlackElo "1509"]
[TimeControl "300"]
[EndTime "16:18:04 PDT"]
[Termination "StoreySniper won by resignation"]

1. e4 c5 2. Nf3 e6 3. d3 d5 4.
Nbd2 dxe4 5. dxe4 Nc6 6. Bb5 Bd7 7. O-O Be7 8. Qe2 Nf6 9. Rd1 Qc7 10. e5 Nd5 11. Nc4 a6 12. Bxc6 Bxc6 13. Nd6+ Bxd6 14. exd6 Qxd6 15. c4 Nf4 16. Bxf4 1-0

[Event "Live Chess"]
[Site "Chess.com"]
[Date "2024.06.02"]
[Round "-"]
[White "NeilDruggan73"]
[Black "MaksymYurii"]
[Result "1-0"]
[WhiteElo "1740"]
[BlackElo "952"]
[TimeControl "300"]
[EndTime "16:18:06 PDT"]
[Termination "NeilDruggan73 won by checkmate"]

1. d4 d5 2. Bg5 Nf6 3. Bxf6 exf6 4. e3 Bd6 5. g3 O-O 6. Bg2 c6 7. Nd2 Nd7 8. c3 f5 9. Qc2 Nf6 10. O-O-O a5 11. Ngf3 a4 12. a3 b5 13. Ne5 c5 14.
f4 cxd4 15. exd4 Bb7 16. Qxf5 g6 17. Qg5 Ne4 18. Nxe4 dxe4 19. h4 f6 20. Qh6 fxe5 21. fxe5 Rf2 22. h5 Bf8 23. Qe3 Rxg2 24. hxg6 h6 25.
Rxh6 Bxh6 26. Qxh6 Rxg3 27. Qh7+ Kf8 28. Qf7# 1-0

[Event "Live Chess"]
[Site "Chess.com"]
[Date "2024.06.02"]
[Round "-"]
[White "KeithArkell"]
[Black "GEMdzq"]
[Result "0-1"]
[WhiteElo "2405"]
[BlackElo "2311"]
[TimeControl "300"]
[EndTime "16:18:19 PDT"]
[Termination "GEMdzq won by checkmate"]

1. d4 Nf6 2. Nf3 e6 3. c4 c5 4. d5 exd5 5. cxd5 d6 6. Nc3 g6 7.
Nd2 Nbd7 8. Nc4 Nb6 9. e4 Nxc4 10. Bxc4 Bg7 11. O-O O-O 12. Bf4 a6 13. a4 Re8 14.
Re1 Bg4 15. f3 Nh5 16. Be3 Bd7 17. Qd2 Rb8 18. a5 b5 19. axb6 Qxb6 20. Reb1 Bb5 21. Bxb5 axb5 22. b4 Qc7 23. bxc5 b4 24. Na4 Bxa1 25.
Rxa1 dxc5 26. Nxc5 Rb5 27. Rc1 Qb8 28. d6 b3 29. d7 Rd8 30. Qb2 Rxc5 31. Bxc5 Rxd7 32.
Bd4 Nf4 33. Qxb3 Qd8 34. Bb6 Ne2+ 35. Kf2 Nxc1 36. Qb5 Qh4+ 37. Ke3 Qe1+ 38. Kf4 Nd3+ 39. Kg4 h5+ 40. Kg5 Qd2+ 41. Kh4 Qf4+ 42. g4 Qxh2+ 43.
Kg5 Qf4+ 44. Kh4 Qf6+ 45. Kg3 Qe5+ 46. Qxe5 Nxe5 47. gxh5 gxh5 48. f4 Ng6 49. f5 Ne5 50. Kf4 f6 51. Bg1 Kf7 52. Kg3 Rd1 53. Bc5 Rd3+ 54. Kh4 Rc3 55. Bb6 Rc4 56. Kxh5 Rxe4 57. Bf2 Rf4 58. Be3 Rxf5+ 59. Kh4 Ke6 60. Bb6 Rf3 61. Bc5 Rb3 62. Ba7 f5 63. Kg5 Rg3+ 64.
Kf4 Rg8 65. Bb6 Rg4+ 66. Ke3 Nc4+ 67. Kf3 Nxb6 68. Ke3 Nd7 69. Kf3 Ke5 70. Ke3 f4+ 71.
Kf3 Kf5 72. Kf2 Ne5 73. Ke2 Ke4 74. Kf2 f3 75. Kf1 Kf4 76. Ke1 Rg2 77. Kf1 Ke3 78.
Ke1 Rg1# 0-1

[Event "Live Chess"]
[Site "Chess.com"]
[Date "2024.06.02"]
[Round "-"]
[White "toog"]
[Black "koekoekoe"]
[Result "1-0"]
[WhiteElo "2603"]
[BlackElo "1965"]
[TimeControl "300"]
[EndTime "16:18:40 PDT"]
[Termination "toog won by checkmate"]

1. Nf3 d5 2. g3 Nf6 3. Bg2 Bf5 4. O-O e6 5. b3 c6 6. Bb2 Bd6 7. Ne5 O-O 8. d3 Nbd7 9. Nxd7 Qxd7 10. Bxf6 gxf6 11. e4 Bg6 12. Nd2 Be5 13. Rb1 Rfd8 14. Qe2 Rac8 15. h4 h6 16. Nf3 dxe4 17. Nxe5 exd3 18. Nxd3 Bxd3 19. cxd3 Qxd3 20. Qxd3 Rxd3 21. Rfd1 Rcd8 22. Rxd3 Rxd3 23. Rb2 e5 24. Bf1 Rd1 25. Kg2 f5 26. Be2 Rd4 27. Rc2 f6 28. Bc4+ Kf8 29. Be6 f4 30. Bf5 fxg3 31. Kxg3 Ke7 32. f3 Kd6 33. Be4 Rd1 34. Kg4 Ke6 35. Bf5+ Kf7 36. Kh5 Rh1 37. Rd2 Ke7 38. Rd7+ Ke8 39. Rxb7 Rf1 40.
Kg6 Rxf3 41. Kxf6 e4 42. Rb8# 1-0

[Event "Live Chess"]
[Site "Chess.com"]
[Date "2024.06.02"]
[Round "-"]
[White "Duke_of_Bebington"]
[Black "CheckThis4"]
[Result "0-1"]
[WhiteElo "1645"]
[BlackElo "2690"]
[TimeControl "300"]
[EndTime "16:19:04 PDT"]
[Termination "CheckThis4 won by checkmate"]

1. e4 d5 2. exd5 c6 3. dxc6 Nxc6 4. Nf3 e5 5. d3 Bd6 6. Nc3 Nge7 7. Be2 O-O 8. O-O h6 9. Ne4 Bc7 10. Be3 f5 11.
Nc3 f4 12. Bc5 b6 13. Bxe7 Qxe7 14. Ne4 Bf5 15. Nfd2 Rad8 16. Bf3 Nd4 17. Re1 g5 18. h3 Qg7 19. Nf1 Nxf3+ 20. Qxf3 g4 21. Qd1 gxh3 22. g3 Bg4 23. f3 fxg3 24. fxg4 g2 25. Nh2 b5 26. c3 Bb6+ 27. d4 exd4 28. Qb3+ Kh8 29. Nf3 Rxf3 30. Rad1 d3+ 31. Kh2 Bc7+ 32. Kg1 Qxg4 33.
Qxb5 h2# 0-1

[Event "Live Chess"]
[Site "Chess.com"]
[Date "2024.06.02"]
[Round "-"]
[White "booktrunk"]
[Black "educatedlad"]
[Result "0-1"]
[WhiteElo "1481"]
[BlackElo "1710"]
[TimeControl "300"]
[EndTime "16:19:21 PDT"]
[Termination "educatedlad won by resignation"]

1. d4 Nf6 2. Nc3 d5 3. Bf4 g6 4. a3 Bg7 5. Nf3 Nh5 6. Bg3 Nxg3 7. fxg3 O-O 8. e3 Bg4 9. Be2 Nd7 10. O-O c6 11. Kh1 e5 12. dxe5 Nxe5 13. Nxe5 Bxe2 14. Qxe2 Bxe5 15. Rab1 Bxc3 16. bxc3 Qa5 17. Rb3 b5 18. h3 Qc7 19. Rb4 Qxg3 20. Rf3 Qd6 21. Rbf4 Rae8 22. Qd3 Qxa3 23. Qd4 Qc1+ 24. Kh2 Qxc2 25. Qxa7 Qxc3 26. Rxf7 Qe5+ 27. Kh1 Ra8 28. Rxf8+ Rxf8 29. Rxf8+ Kxf8 30. Qa8+ Kf7 31. Qxc6 Qxe3 32. Qxb5 Qc1+ 33. Kh2 Qf4+ 34. Kh1 d4 35. Qd7+ Kg8 36. Kg1 Qe3+ 37. Kf1 d3 38.
Qd8+ Kg7 39. Qd7+ Kh6 40. Qd6 Qe2+ 41. Kg1 d2 42. Qf4+ Kg7 43. Qc7+ Kf6 44. Qd6+ Kf5 45.
Qf8+ Kg5 46. Qd8+ Kh6 47. Qf8+ Kh5 48. Qc5+ g5 49. g4+ Kh4 0-1

[Event "Live Chess"]
[Site "Chess.com"]
[Date "2024.06.02"]
[Round "-"]
[White "cymbalshift"]
[Black "TigerTank70"]
[Result "0-1"]
[WhiteElo "1717"]
[BlackElo "2238"]
[TimeControl "300"]
[EndTime "16:19:23 PDT"]
[Termination "TigerTank70 won on time"]

1. d4 d5 2. e4 dxe4 3. Nc3 e5 4.
Be3 exd4 5. Bxd4 Nf6 6. Bc4 Nc6 7. Bxf6 Qxf6 8. Nd5 Qd6 9. Qe2 Be6 10. O-O-O Bxd5 11. Rxd5 Qh6+ 12. Kb1 Qg6 13. Nf3 Be7 14. Ne5 Qxg2 15.
Rhd1 O-O 16. Nxc6 bxc6 17. Rd7 Bd6 18. Qe3 Qg4 19. R1xd6 cxd6 20. Rxd6 Qg1+ 21. Qc1 Qxf2 22. Rd7 e3 23. Qd1 Rae8 24. Rxf7 Rxf7 25. Bxf7+ Qxf7 26. Qe2 Qf2 27. Qc4+ Kh8 0-1

[Event "Live Chess"]
[Site "Chess.com"]
[Date "2024.06.02"]
[Round "-"]
[White "GwaryTek"]
[Black "ShanthamGrarks"]
[Result "0-1"]
[WhiteElo "1888"]
[BlackElo "1830"]
[TimeControl "300"]
[EndTime "16:19:34 PDT"]
[Termination "ShanthamGrarks won on time"]

1. d4 e6 2. Nf3 Nf6 3. c4 d5 4. Nc3 c6 5. Bg5 Nbd7 6. e3 Qa5 7.
Bxf6 Nxf6 8. Bd3 Bb4 9. Qc2 dxc4 10. Bxc4 Ne4 11. Rc1 Nxc3 12. bxc3 Ba3 13. Rb1 O-O 14.
O-O b5 15. Bd3 g6 16. Ne5 Qc7 17. f4 Bd6 18. h4 Bxe5 19. fxe5 c5 20. Rxb5 cxd4 21.
cxd4 Qxc2 22. Bxc2 Ba6 23. a4 Bxb5 24. axb5 a6 25. Be4 Ra7 26. b6 Re7 27. Ra1 Rb8 28. Rxa6 Kg7 29. Kf2 h5 30. Kg3 f6 31. Ra7 Rf7 32. exf6+ Kxf6 33. Rxf7+ Kxf7 34. b7 Kf6 35. Kf4 Ke7 36. g4 hxg4 37. Kxg4 Kf6 38. Kf4 Rh8 39.
Kg3 Rf8 40. Kg4 Kg7 41. Bc6 Rb8 42. Kg5 Kf7 43. e4 Kg7 44. d5 exd5 45. exd5 Rf8 46. Bd7 Rb8 47. Bc8 Kf7 48. d6 Ke8 0-1

[Event "Live Chess"]
[Site "Chess.com"]
[Date "2024.06.02"]
[Round "-"]
[White "EPotapov05"]
[Black "jk0110"]
[Result "1-0"]
[WhiteElo "1805"]
[BlackElo "1224"]
[TimeControl "300"]
[EndTime "16:20:26 PDT"]
[Termination "EPotapov05 won by resignation"]

1. d4 Nf6 2. c4 e5 3. dxe5 Ne4 4. Nd2 Bb4 5. a3 Bxd2+ 6. Bxd2 Nxd2 7. Qxd2 O-O 8. f4 Nc6 9. Nf3 d6 10. exd6 cxd6 11.
e3 Bg4 12. Be2 Qf6 13. O-O Qg6 14. Nd4 Rfe8 15. Bxg4 Nxd4 16. Qxd4 Qxg4 17. Rae1 Re6 18. Qd5 Rae8 19. Qxb7 h5 20. Qxa7 Rxe3 21. Rxe3 Rxe3 22.
Qxe3 h4 23. h3 Qf5 1-0

[Event "Live Chess"]
[Site "Chess.com"]
[Date "2024.06.02"]
[Round "-"]
[White "IgorSchukin"]
[Black "gmnorfolk"]
[Result "0-1"]
[WhiteElo "1735"]
[BlackElo "2137"]
[TimeControl "300"]
[EndTime "16:20:48 PDT"]
[Termination "gmnorfolk won by checkmate"]

1. e4 c5 2. a3 g6 3. Nc3 Bg7 4. Bc4 Nc6 5. d3 e6 6. Nf3 Nge7 7. Bg5 f6 8. Bh4 d5 9. Ba2 O-O 10. O-O b6 11. Qd2 Kh8 12. Rad1 Bb7 13. h3 Rc8 14.
exd5 exd5 15. Ne2 g5 16. Bg3 Nf5 17. c3 Nxg3 18. Nxg3 Qd7 19. Nh5 Rce8 20. Nxg7 Kxg7 21. d4 c4 22. Bb1 g4 23. hxg4 Qxg4 24. Nh2 Qe2 25. Qf4 Qh5 26. Rde1 Kh8 27. Ng4 Rxe1 28. Rxe1 Qf7 29. Qh6 Qg7 30. Qh4 Bc8 31. Nh6 Ne7 32.
Re3 Ng6 33. Qh2 f5 34. Rf3 f4 35. Bxg6 Qxg6 36. Rxf4 Qb1# 0-1

[Event "Live Chess"]
[Site "Chess.com"]
[Date "2024.06.02"]
[Round "-"]
[White "upoe610"]
[Black "ACM42"]
[Result "0-1"]
[WhiteElo "2188"]
[BlackElo "2175"]
[TimeControl "300"]
[EndTime "16:21:00 PDT"]
[Termination "ACM42 won by checkmate"]

1. c4 g6 2. g3 Bg7 3. Bg2 c5 4.
Nc3 Nf6 5. Nf3 O-O 6. O-O Nc6 7.
d4 d6 8. dxc5 dxc5 9. Qxd8 Rxd8 10. Bg5 Be6 11. b3 h6 12. Bxf6 Bxf6 13. Rac1 b6 14. e4 Nd4 15. Nxd4 Bxd4 16. Nd5 Rd7 17. Rfd1 Rc8 18. Kf1 f5 19. f3 fxe4 20. fxe4 Bg4 21. Rd3 Rf8+ 22. Ke1 Rf2 23. Bf1 Rxa2 24. b4 Bf2# 0-1

[Event "Live Chess"]
[Site "Chess.com"]
[Date "2024.06.02"]
[Round "-"]
[White "grillage"]
[Black "wadsy27"]
[Result "0-1"]
[WhiteElo "1853"]
[BlackElo "2569"]
[TimeControl "300"]
[EndTime "16:21:14 PDT"]
[Termination "wadsy27 won on time"]

1. d4 Nf6 2. Nf3 c5 3. d5 e6 4.
Nc3 d6 5. e4 exd5 6. exd5 Be7 7. Bb5+ Bd7 8. a4 O-O 9. O-O Na6 10. Re1 Nc7 11. Bc4 b6 12. Bf4 Re8 13. h3 a6 14.
Bf1 Bf8 15. Bh2 b5 16. axb5 axb5 17. Qd2 b4 18. Rxa8 Qxa8 19. Rxe8 Qxe8 20. Nd1 Ncxd5 21. Bc4 Bc6 22. b3 Qa8 23. Qd3 h6 24. Ne3 Nxe3 25. Qxe3 Bxf3 26. gxf3 d5 27. Bd3 d4 28. Qf4 Qd5 29.
Kg2 Qg5+ 30. Qg3 Nd5 31. Kf1 Qxg3 32. fxg3 Bd6 33. f4 f5 34. Ke2 Ne7 35. Kf3 Kf7 36. g4 g6 37. Bg3 Ke6 38. Bc4+ Nd5 39. gxf5+ gxf5 40. h4 h5 41. Bh2 Be7 42. Bg3 Kd6 43. Bd3 Ne3 44. Bf2 Ng4 45. Bxf5 Nxf2 46. Kxf2 c4 47. bxc4 Bxh4+ 48. Kf3 Kc5 49. Bd3 Bf6 50. Kg3 h4+ 51. Kh3 Kb6 52. Be2 Ka5 53. Bd3 Ka4 54.
Kh2 Ka3 55. Kg2 Kb2 56. Kf2 Kc3 57. Ke2 h3 58. c5 h2 59. Be4 d3+ 60. cxd3 b3 0-1

[Event "Live Chess"]
[Site "Chess.com"]
[Date "2024.06.02"]
[Round "-"]
[White "vincents82"]
[Black "Cruiseylee78"]
[Result "0-1"]
[WhiteElo "2028"]
[BlackElo "1706"]
[TimeControl "300"]
[EndTime "16:21:37 PDT"]
[Termination "Cruiseylee78 won by resignation"]

1. e4 d6 2. d4 Nd7 3. Nc3 e5 4. Be3 Ngf6 5. Nf3 c6 6. h3 h6 7. Bc4 Be7 8. Qd2 Qc7 9. O-O g5 10.
Nh2 Rg8 11. Ng4 Nxg4 12. hxg4 Nb6 13. Be2 Nd7 14. d5 Nf8 15. dxc6 bxc6 16. Rad1 Ng6 17. g3 Bd7 18. a4 Qc8 19. b4 Bxg4 20. f3 Bh3 21. g4 Bxf1 22. Bxf1 Nf4 23. Bxf4 gxf4 24.
b5 h5 25. Bh3 hxg4 26. Bxg4 f5 27. exf5 Qxf5 28. bxc6 Rc8 29. Kf1 Rxg4 30. fxg4 Qxg4 31. Qd5 f3 32. Kf2 Qg2+ 33. Ke3 Bg5+ 34. Kd3 Ke7 35. Qe4 Qh3 36. Kc4 f2 37. Nd5+ Kd8 38. Nb4 f1=Q+ 39. Rxf1 Qxf1+ 40. Nd3 Qb1 41. Nb4 a5 42.
Qf5 Qxb4+ 43. Kd5 Qd4+ 44. Ke6 Qc4+ 45. Kxd6 Rxc6+ 46. Kxe5 Rc5+ 0-1

[Event "Live Chess"]
[Site "Chess.com"]
[Date "2024.06.02"]
[Round "-"]
[White "hapehansen"]
[Black "Yegorych"]
[Result "1-0"]
[WhiteElo "2252"]
[BlackElo "1554"]
[TimeControl "300"]
[EndTime "16:21:46 PDT"]
[Termination "hapehansen won on time"]

1. c4 Nf6 2. Nc3 g6 3. g3 Bg7 4. Bg2 c6 5. e4 d5 6. cxd5 cxd5 7. e5 Ne4 8. d4 Nxc3 9. bxc3 Nc6 10. Ne2 Bg4 11. O-O Qd7 12. f3 Bh3 13. Bxh3 Qxh3 14. Rb1 Rb8 15. Qb3 Qd7 16. e6 fxe6 17. Nf4 O-O 18. Re1 e5 19. Nxd5 Kh8 20. Kg2 exd4 21. Nf4 e5 22. Ne6 Na5 23. Nxf8 Bxf8 24. Qb5 Qxb5 25. Rxb5 Nc6 26. cxd4 exd4 27. Bf4 Rd8 28. Rxb7 Bg7 29. Rc7 Nb4 30. Rxa7 d3 31. Bd2 Nd5 32.
a4 h5 33. a5 Kh7 34. a6 1-0

[Event "Live Chess"]
[Site "Chess.com"]
[Date "2024.06.02"]
[Round "-"]
[White "Rusty_Bridges"]
[Black "NebodarMatevich"]
[Result "0-1"]
[WhiteElo "1459"]
[BlackElo "1568"]
[TimeControl "300"]
[EndTime "16:22:02 PDT"]
[Termination "NebodarMatevich won by resignation"]

1. e4 d5 2. exd5 Qxd5 3. Nc3 Qd6 4. d4 Nf6 5. Nf3 a6 6. Be2 Bf5 7. O-O Nc6 8. a3 O-O-O 9. b4 Nxd4 10. Nxd4 Qxd4 11.
Qxd4 Rxd4 12. Be3 Rd8 13. Rac1 e6 14. Bf3 Bd6 15. Ne2 Nd5 16. Bd2 g5 17. g3 g4 18.
Bg2 h5 19. c4 Nf6 20. Bg5 Be7 21. Nf4 e5 22. Nd3 Bxd3 23. c5 e4 0-1

[Event "Live Chess"]
[Site "Chess.com"]
[Date "2024.06.02"]
[Round "-"]
[White "MagnersCarlsberg2870"]
[Black "TheSmoulderingMaster"]
[Result "1-0"]
[WhiteElo "1781"]
[BlackElo "1741"]
[TimeControl "300"]
[EndTime "16:22:11 PDT"]
[Termination "MagnersCarlsberg2870 won by resignation"]

1. d4 Nf6 2. Nf3 g6 3. Nc3 Bg7 4. e4 O-O 5. Bc4 d6 6. h3 Nbd7 7. e5 dxe5 8. dxe5 Nh5 9. g4 Nxe5 10. Nxe5 Qxd1+ 11. Kxd1 Bxe5 12. gxh5 Bf5 13. Bh6 Bg7 14. Bxg7 Kxg7 15. Bd3 Rad8 16. Ke2 e6 17. hxg6 hxg6 18. Nb5 c6 19. Nc3 Rh8 20. Bxf5 gxf5 21. Rag1+ Kf6 22. h4 Rh5 23. Ke3 Rdh8 24. Ne2 Rxh4 25. Rxh4 Rxh4 26. Nd4 Re4+ 27. Kd3 Ke5 28. Nf3+ Kd5 29. Rg7 e5 30. Rxf7 Rb4 31. Rxf5 Ke6 32. Rxe5+ Kd6 33. Kc3 Rf4 34.
Re3 b5 35. Rd3+ Kc7 36. b3 a5 37. Kd2 Kb6 38. Ke3 Rg4 39. Rd6 Kc5 40. Rxc6+ Kd5 41.
c4+ bxc4 42. bxc4+ Rxc4 43. Rxc4 1-0

[Event "Live Chess"]
[Site "Chess.com"]
[Date "2024.06.02"]
[Round "-"]
[White "AlexanderMatlak"]
[Black "raclement"]
[Result "1-0"]
[WhiteElo "2393"]
[BlackElo "1724"]
[TimeControl "300"]
[EndTime "16:22:18 PDT"]
[Termination "AlexanderMatlak won by resignation"]

1. e4 c5 2. Be2 g6 3. f4 Bg7 4. Nf3 Nc6 5. O-O Nf6 6. d3 O-O 7. c3 d5 8. e5 Ng4 9. Na3 a6 10. Nc2 e6 11. Ne3 Nxe3 12. Bxe3 d4 13. Bf2 Re8 14.
c4 b5 15. b3 bxc4 16. bxc4 Rb8 17. Bh4 Qd7 18. Qe1 Nb4 19. Qd2 Bb7 20. Bf6 Bxf6 21.
exf6 Qd8 22. Ne5 Nc6 23. Rab1 Bc8 24. Nxc6 Qc7 25. Nxb8 1-0

[Event "Live Chess"]
[Site "Chess.com"]
[Date "2024.06.02"]
[Round "-"]
[White "jimwad"]
[Black "katoma"]
[Result "0-1"]
[WhiteElo "1333"]
[BlackElo "2022"]
[TimeControl "300"]
[EndTime "16:22:26 PDT"]
[Termination "katoma won by checkmate"]

1. c4 e5 2. g3 f5 3. Bg2 Nf6 4. Nc3 g6 5. e3 Bg7 6. Nge2 O-O 7.
O-O d6 8. d4 e4 9. b4 Be6 10.
d5 Bf7 11. Bb2 g5 12. Nd4 Qc8 13. Rc1 c5 14. bxc5 dxc5 15. Ndb5 Qd7 16. a4 a6 17. Na3 Bh5 18. Qd2 Bf3 19. Bxf3 exf3 20. Nc2 f4 21. exf4 Qh3 22. Ne1 Ng4 23. Nxf3 gxf4 24. Ne2 fxg3 25. Nxg3 Rxf3 26. Bxg7 Qxh2# 0-1

[Event "Live Chess"]
[Site "Chess.com"]
[Date "2024.06.02"]
[Round "-"]
[White "TigerTank70"]
[Black "booktrunk"]
[Result "1-0"]
[WhiteElo "2238"]
[BlackElo "1481"]
[TimeControl "300"]
[EndTime "16:22:40 PDT"]
[Termination "TigerTank70 won by resignation"]

1. e4 b6 2. d4 Bb7 3. Nc3 e6 4. Nf3 h6 5. Bb5 a6 6. Ba4 Nf6 7. e5 Nd5 8. Nxd5 Bxd5 9. Bb3 Bxb3 10. axb3 f6 11. Qd3 f5 12. d5 Qe7 13. O-O exd5 14. Qxd5 c6 15. Qd3 g6 16. Be3 Bg7 17.
Bxb6 c5 18. Bc7 Nc6 19. Rxa6 Rxa6 20. Qxa6 O-O 21. Bd6 Qe6 22. Bxf8 Kxf8 23. Qc8+ Kf7 24. Rd1 Ke7 25. Rd6 Qxd6 26. exd6+ Kxd6 27. Qg8 Bxb2 28. Qxg6+ Kc7 29. Qxf5 1-0

[Event "Live Chess"]
[Site "Chess.com"]
[Date "2024.06.02"]
[Round "-"]
[White "educatedlad"]
[Black "Duke_of_Bebington"]
[Result "1-0"]
[WhiteElo "1717"]
[BlackElo "1638"]
[TimeControl "300"]
[EndTime "16:23:24 PDT"]
[Termination "educatedlad won by resignation"]

1. d4 Nf6 2. Bg5 Ne4 3. Bf4 g5 4. Bc1 Bg7 5. f3 Nd6 6. Bxg5 b6 7. e4 e5 8. Bxd8 Kxd8 9. dxe5 Bxe5 10. Nc3 Nc6 11.
Qd5 Bb7 12. Bc4 Rf8 13. Qd2 Nxc4 14. Qg5+ Kc8 15. O-O-O Nd8 16. b3 Bxc3 17. bxc4 Ne6 18. Qf5 Ba6 19. Ne2 Bg7 20. Qd5 1-0

[Event "Live Chess"]
[Site "Chess.com"]
[Date "2024.06.02"]
[Round "-"]
[White "NeilDruggan73"]
[Black "stevochess11"]
[Result "1-0"]
[WhiteElo "1747"]
[BlackElo "1709"]
[TimeControl "300"]
[EndTime "16:23:52 PDT"]
[Termination "NeilDruggan73 won by resignation"]

1. d4 c5 2. d5 b5 3. Nf3 Nf6 4. g3 g6 5. Bg2 Bg7 6. O-O O-O 7. c3 d6 8. Re1 Bb7 9. e4 Nbd7 10. Qd3 a6 11. b4 Nb6 12. bxc5 dxc5 13. Be3 c4 14. Qc2 Ng4 15. h3 Nxe3 16. fxe3 b4 17. Nd4 bxc3 18. Nxc3 Qd6 19. Rab1 Rab8 20. Kh2 Be5 21. Nce2 Rfc8 22. Nf4 g5 23. Nf5 Qf6 24. Nh5 Qg6 25. Nxe7+ Kf8 26. Nxg6+ hxg6 27. Nf6 Bxf6 28. Rxb6 1-0

[Event "Live Chess"]
[Site "Chess.com"]
[Date "2024.06.02"]
[Round "-"]
[White "CheckThis4"]
[Black "cymbalshift"]
[Result "1-0"]
[WhiteElo "2690"]
[BlackElo "1717"]
[TimeControl "300"]
[EndTime "16:24:05 PDT"]
[Termination "CheckThis4 won by resignation"]

1. d4 Nf6 2. Nc3 d6 3. e4 g6 4. Be3 Bg7 5. Qd2 O-O 6. Bh6 c6 7.
h4 b5 8. f3 b4 9. Nce2 a5 10. h5 e5 11. hxg6 fxg6 12. Bxg7 Kxg7 13. Qh6+ Kg8 14. O-O-O Qe7 15. Nh3 Qg7 16. Qe3 Be6 17. Kb1 a4 18. Ng5 Bc4 19. dxe5 dxe5 20. Nc1 b3 21.
Bxc4+ Kh8 22. cxb3 axb3 23. Bxb3 Nbd7 24. Ne6 1-0